 Dungeon Crawl Stone Soup version 0.29-a0-837-g174bc33265 (webtiles) character file.

Game seed: 9113079574668510652

721 Ijustatesigmund the Chopper (level 7, -5/56 HPs)
             Began as a Hill Orc Fire Elementalist on July 13, 2022.
             Slain by a mummy (7 damage)
             ... in an ossuary.
             The game lasted 00:13:16 (7119 turns).

Ijustatesigmund the Chopper (HOFE)                  Turns: 7119, Time: 00:13:16

Health: -5/56      AC:  5    Str: 15    XL:     7   Next: 71%
Magic:  0/11       EV: 11    Int: 16    God:
Gold:   341        SH:  5    Dex: 10    Spells: 4/11 levels left

rFire   . . .      SeeInvis .   f - +0 hand axe
rCold   . . .      Faith    .   g - +2 buckler {rN+}
rNeg    + . .      Spirit   .   a - +0 robe
rPois   .          Reflect  .   e - +2 helmet
rElec   .          Harm     .   (no cloak)
rCorr   .          Rampage  .   (no gloves)
Will    +....                   (no boots)
Stlth   +++.......              (no amulet)
HPRegen 0.18/turn               h - ring of wizardry
MPRegen 0.12/turn               b - ring of willpower

@: no status effects
A: camouflage 1, strong 1
a: no special abilities


You were in an ossuary.
You visited 2 branches of the dungeon, and saw 6 of its levels.
You also visited: Ossuary.

You collected 341 gold pieces.

Inventory:

Hand Weapons
 f - a +0 hand axe (weapon)
Armour
 a - a +0 robe (worn)
 e - a +2 helmet (worn)
 g - a +2 buckler of positive energy (worn)
Jewellery
 b - a ring of willpower (right hand)
 h - a ring of wizardry (left hand)
Scrolls
 m - a scroll of torment
 n - a scroll of vulnerability
 p - a scroll of brand weapon
Potions
 d - 2 potions of mutation
 i - a potion of cancellation {unknown}
 j - a potion of might {unknown}
 l - 3 potions of brilliance
 o - a potion of lignification


   Skills:
 + Level 2.4 Fighting
 - Level 6.0 Axes
 - Level 1.2 Armour
 - Level 1.5 Dodging
 - Level 1.5 Stealth
 - Level 1.3 Shields
 + Level 2.6 Spellcasting
 + Level 3.5 Conjurations
 + Level 5.1 Fire Magic


You had 4 spell levels left.
You knew the following spells:

 Your Spells              Type           Power      Damage    Failure   Level
a - Foxfire               Conj/Fire      64%        2x1d7     1%          1
b - Scorch                Fire           36%        2d6       1%          2
c - Flame Wave            Conj/Fire      16%        2d6       16%         4

Your spell library contained the following spells:

 Spells                   Type           Power      Damage    Failure   Level
 Magic Dart               Conj           52%        1d5       2%          1
 Searing Ray              Conj           26%        2d5       3%          2
 Conjure Flame            Conj/Fire      16%        6-21      5%          3
 Inner Flame              Hex/Fire       10%        N/A       11%         3
 Sublimation of Blood     Necr           2%         N/A       16%         2
 Wereblood                Tmut           2%         N/A       16%         2
 Call Canine Familiar     Summ           2%         N/A       28%         3
 Confusing Touch          Hex            2%         N/A       28%         3
 Portal Projectile        Hex/Tloc       4%         N/A       28%         3
 Fulminant Prism          Conj/Hex       3%         3d6       43%         4
 Anguish                  Hex/Necr       1%         N/A       65%         4
 Leda's Liquefaction      Hex/Erth       1%         N/A       65%         4
 Summon Lightning Spire   Summ/Air       2%         N/A       65%         4
 Yara's Violent Unravell  Hex/Tmut       1%         3d3       93%         5
 Dispersal                Tloc           1%         N/A       100%        6
 Enfeeble                 Hex            1%         N/A       100%        7
 Storm Form               Tmut/Air       1%         N/A       100%        7
 Summon Hydra             Summ           1%         N/A       100%        7
 Disjunction              Tloc           1%         N/A       100%        8
 Maxwell's Capacitive Co  Air            1%         ∞         100%        8


Dungeon Overview and Level Annotations

Branches:
Dungeon (5/15)             Temple (1/1) D:4         Ossuary (1/1)

Altars:
Ashenzari
Dithmenos
Fedhas
Gozag
Hepliaklqana
Nemelex Xobeh
Qazlal
Ru
Yredelemnul
Zin
The Shining One

Shops:
D:3 (   D:4 *   D:5 *


Innate Abilities, Weirdness & Mutations

Your skin changes colour to match your surroundings (Stealth+).
Your muscles are strong. (Str +4, Int/Dex -1)


Message History

The foxfire hits the mummy!
The mummy is burned terribly!
You destroy the mummy!
Casting: Foxfire (safe; 1% risk of failure)
Confirm with . or Enter, or press ? or * to list all spells.
You miscast Foxfire.
You are very lightly contaminated with residual magic.
Nothing appears to happen.
The mummy barely misses you.
Casting: Foxfire (safe; 1% risk of failure)
Confirm with . or Enter, or press ? or * to list all spells.
You don't have enough magic to cast this spell.
You hit the mummy.
The mummy is moderately damaged.
The mummy hits you but does no damage.
You completely miss the mummy.
The mummy is moderately damaged.
You hit the mummy.
The mummy is moderately damaged.
The mummy hits you!
Casting: Foxfire (safe; 1% risk of failure)
Confirm with . or Enter, or press ? or * to list all spells.
You conjure some foxfire!
You block the mummy's attack.
The foxfire hits the mummy but does no damage.
The mummy is moderately damaged.
The foxfire hits the mummy!
The mummy is burned terribly!
The mummy is severely damaged.
You barely miss the mummy.
The mummy is severely damaged.
The mummy closely misses you.
Your magical contamination has completely faded away.
You barely miss the mummy.
The mummy is severely damaged.
Okay, then.
You hit the mummy.
The mummy is almost destroyed.
The mummy hits you!
* * * LOW HITPOINT WARNING * * *
You hit the mummy.
The mummy is almost destroyed.
The mummy hits you!
You die...

..........
.........
.......#
......#
#....#
#....#
#.M..#
#@...#
#....#
#....#
#....#
#....#
#.∩∩.#
######


You could see a mummy.

Vanquished Creatures
  Grinder (D:4)
  A hound (D:4)
  A jelly (D:3)
  An orc priest (D:4)
  Jessica (D:2)
  2 orc wizards (D:4)
  Natasha (thrice) (D:2)
  3 iguanas
  3 mummies (Ossuary)
  7 adders
  A worm (D:2)
  3 dart slugs
  15 orcs
  5 endoplasms
  3 giant cockroaches
  3 goblins
  8 hobgoblins
  7 kobolds
  3 quokkas
  2 ball pythons
  A bat (D:2)
  5 frilled lizards
  2 gnoll zombies (Ossuary)
  3 hobgoblin zombies (Ossuary)
  2 kobold zombies (Ossuary)
  8 rats
94 creatures vanquished.

Vanquished Creatures (others)
  295 foxfires
295 creatures vanquished.

Grand Total: 389 creatures vanquished

Notes
Turn   | Place    | Note
-------+----------+-------------------------------------------
     0 | D:1      | Ijustatesigmund the Hill Orc Fire Elementalist began the
                  | quest for the Orb.
     0 | D:1      | Reached XP level 1. HP: 14/14 MP: 3/3
   299 | D:1      | Reached XP level 2. HP: 22/22 MP: 1/4
   640 | D:1      | Reached skill level 1 in Fighting
   834 | D:1      | Gained mutation: You have a pair of small antennae on your
                  | head. [potion of mutation]
   834 | D:1      | Gained mutation: You have large cloven feet. [potion of
                  | mutation]
   942 | D:2      | Lost mutation: You have large cloven feet. [potion of
                  | mutation]
   942 | D:2      | Lost mutation: You have a pair of small antennae on your
                  | head. [potion of mutation]
   942 | D:2      | Gained mutation: Your skin changes colour to match your
                  | surroundings (Stealth+). [potion of mutation]
   942 | D:2      | Gained mutation: Your muscles are strong. (Str +4, Int/Dex
                  | -1) [potion of mutation]
  1007 | D:2      | Noticed Natasha
  1081 | D:2      | Reached XP level 3. HP: 12/28 MP: 1/5
  1537 | D:2      | Killed Natasha
  1538 | D:2      | Reached XP level 4. HP: 36/36 MP: 0/7
  1693 | D:2      | Noticed Natasha
  1702 | D:2      | Killed Natasha
  1708 | D:2      | Learned a level 2 spell: Scorch
  1850 | D:2      | Noticed Natasha
  1856 | D:2      | Killed Natasha
  1857 | D:2      | Reached XP level 5. HP: 41/41 MP: 3/8
  1948 | D:2      | Learned a level 4 spell: Flame Wave
  2019 | D:2      | Identified a scroll of acquirement
  2019 | D:2      | Acquired a +1 buckler of positive energy
  2464 | D:2      | Noticed Jessica
  2475 | D:2      | Killed Jessica
  2680 | D:2      | Reached skill level 1 in Shields
  3298 | D:3      | Found an opulent altar of Gozag.
  3533 | D:3      | Found Mun Joiv's Weapon Emporium.
  3822 | D:3      | Reached skill level 1 in Armour
  3822 | D:3      | Reached XP level 6. HP: 29/48 MP: 2/9
  4624 | D:4      | Reached skill level 5 in Fire Magic
  4916 | D:4      | Found a staircase to the Ecumenical Temple.
  5223 | D:4      | Found Logome's Luxury Loot.
  5436 | Temple   | Entered the Ecumenical Temple
  5571 | D:4      | Reached skill level 1 in Axes
  5638 | D:4      | Reached skill level 2 in Axes
  5906 | D:4      | Reached skill level 3 in Axes
  5906 | D:4      | Reached XP level 7. HP: 29/55 MP: 10/10
  6366 | D:4      | Noticed Grinder
  6369 | D:4      | Paralysed by Grinder for 4 turns
  6403 | D:4      | Killed Grinder
  6404 | D:4      | Reached skill level 6 in Axes
  6807 | D:5      | Entered Level 5 of the Dungeon
  6807 | D:5      | Found Hadi's Mass Market.
  6974 | D:5      | Found a sand-covered staircase.
  6981 | Ossuary  | Entered an ossuary
  7118 | Ossuary  | HP: 2/56 [mummy (17)]
  7119 | Ossuary  | Slain by a mummy

Illustrated notes

Levels and vault maps discovered:
D:1:      sevenhm_arrival_forest_fort_small_3, layout_basic
D:2:      layout_basic, uniq_jessica, uniq_natasha
D:3:      layout_basic, mainiacjoe_overflow_small_starburst, serial_shops,
          nicolae_shop_bloodbath_and_beyond, minivault_19, minmay_quantized
D:4:      layout_cave_pods, minmay_temple_entry_crystal_x,
          nicolae_alphabet_shops, uniq_grinder
D:5:      minmay_bubble_buster, layout_basic, enter_ossuary_3, minmay_shop_mass,
          nicolae_figureground_pulse
Temple:   nicolae_temple_ecumenical_triangle
Ossuary:  ossuary_tomb_3

Skill      XL: |  1  2  3  4  5  6  7 |
---------------+----------------------+-----
Fighting       | 1 2 |  2.4
Spellcasting   | 2 |  2.6
Conjurations   | 2 3 |  3.5
Fire Magic     | 4 5 |  5.1
Shields        | 1 |  1.3
Armour         | 1 |  1.2
Axes           | 3 6 |  6.0
Dodging        | |  1.5
Stealth        | |  1.5

Action                   |  1- 3 |  4- 6 |  7- 9 || total
-------------------------+-------+-------+-------++-------
Melee: Spear             |    19 |    16 |       ||    35
       Hand axe          |       |    23 |    36 ||    59
 Cast: Foxfire           |    45 |    97 |    33 ||   175
       Scorch            |       |    18 |     3 ||    21
  Use: Scroll            |     4 |    10 |       ||    14
       Potion            |     2 |     8 |     1 ||    11
 Stab: Sleeping          |       |     1 |     2 ||     3
       Distracted        |       |     1 |       ||     1
Armor: Robe              |    10 |    17 |    11 ||    38
       Skin              |       |    22 |       ||    22
Dodge: Dodged            |    17 |    56 |    24 ||    97
Block: Buckler           |       |    26 |    13 ||    39

Table legend: (Time is in decaauts)
 A = Elapsed time spent in this place.
 B = Non-inter-level travel time spent in this place.
 C = Inter-level travel time spent in this place.
 D = Time resting spent in this place.
 E = Time spent auto-exploring this place.
 F = Levels seen in this place.
 G = Mean time per level.
                   A        B        C        D        E       F      G
               +--------+--------+--------+--------+--------+-----+--------+
         Total |   7174 |   6991 |    183 |   2580 |   3511 |   7 | 1024.9 |
       Dungeon |   6970 |   6802 |    168 |   2512 |   3467 |   5 | 1394.0 |
        Temple |     65 |     51 |     14 |      0 |     33 |   1 |   65.0 |
       Ossuary |    138 |    138 |      0 |     68 |     11 |   1 |  138.0 |
               +--------+--------+--------+--------+--------+-----+--------+

Top non-repeatable levels by time:
     D:2: 2067 daAuts
     D:4: 1953 daAuts
     D:3: 1861 daAuts
     D:1: 914 daAuts
     D:5: 174 daAuts
 Ossuary: 138 daAuts
  Temple: 65 daAuts
